 Dungeon Crawl Stone Soup version 0.19.1-1-g22dce08 (webtiles) character file.

6727 dngmouse the Warrior (level 10, -15/105 HPs)
             Began as a Minotaur Fighter on Jan 16, 2017.
             Was a Priest of Makhleb.
             Demolished by an orc knight
             ... wielding a +0 glaive
              (26 damage)
             ... in a bailey.
             The game lasted 00:30:54 (8098 turns).

dngmouse the Warrior (Minotaur Fighter)             Turns: 8098, Time: 00:30:55

Health: -15/105    AC: 13    Str: 23    XL:     10   Next: 74%
Magic:  0/9        EV:  5    Int:  5    God:    Makhleb [***...]
Gold:   423        SH:  9    Dex: 11    Spells: 0 memorised, 9 levels left

rFire  . . .     SeeInvis .     a - +1 war axe
rCold  . . .     Gourm    .     M - +0 chain mail
rNeg   . . .     Faith    .     c - +0 shield
rPois  .         Spirit   +     (helmet restricted)
rElec  .         Reflect  .     (no cloak)
rCorr  +         Harm     .     u - +0 pair of gloves
MR     .....                    (no boots)
Stlth  ..........               s - amulet of guardian spirit
                                y - ring of resist corrosion
                                q - +3 ring of protection

@: no status effects
A: retaliatory headbutt, horns 2
a: Minor Destruction, Lesser Servant of Makhleb, Renounce Religion


You were in a bailey.
You worshipped Makhleb.
Makhleb was most pleased with you.
You were not hungry.

You visited 1 branch of the dungeon, and saw 9 of its levels.
You also visited: Ossuary and Bailey.

You collected 423 gold pieces.

Inventory:

Hand Weapons
 a - a +1 war axe (weapon)
Missiles
 r - 12 tomahawks (quivered)
 F - a throwing net
Armour
 c - a +0 shield (worn)
 u - a +0 pair of gloves (worn)
 M - a +0 chain mail (worn)
Jewellery
 q - a +3 ring of protection (left hand)
 s - an amulet of guardian spirit (around neck)
 v - an uncursed ring of fire
 y - a ring of resist corrosion (right hand)
Wands
 b - a wand of paralysis (3/24)
 x - a wand of lightning (0/15)
 A - a wand of lightning (0/15)
 B - a wand of iceblast (3/15)
 E - a wand of heal wounds (5/9)
Scrolls
 e - 3 scrolls of recharging
 g - a scroll of noise
 i - a scroll of fear
 k - 5 scrolls of teleportation
 l - 5 scrolls of remove curse
 m - 2 scrolls of fog
 n - 6 scrolls of identify
 o - 2 scrolls of amnesia
 t - 3 scrolls of immolation
 z - 2 scrolls of enchant weapon
 C - a scroll of vulnerability {unknown}
Potions
 d - a potion of might
 h - 6 potions of curing
 w - 3 potions of berserk rage
 I - 2 potions of cure mutation {unknown}
 K - a potion of cancellation {unknown}
 L - a potion of heal wounds {unknown}
Comestibles
 f - 5 bread rations
 j - 2 meat rations
 p - 3 slices of pizza
 G - 7 beef jerkies
 H - 4 fruits
 J - 3 chunks of flesh


   Skills:
 + Level 15.1 Fighting
 - Level 12.0 Axes
 - Level 3.6 Armour
 - Level 3.6 Shields


You had 9 spell levels left.
You didn't know any spells.

Dungeon Overview and Level Annotations

Branches:
Dungeon (9/15)             Temple (0/1) D:5            Lair (0/6) D:9
    Orc: D:9-12

Altars:
Ashenzari
Fedhas
Makhleb
Okawaru
Sif Muna
Trog
Vehumet
Xom
Zin

Shops:
D:9 [

Annotations:
D:3 Sigmund
D:9 Maurice


Innate Abilities, Weirdness & Mutations

You reflexively headbutt those who attack you in melee.
You have a pair of horns on your head.


Message History

* * * LOW HITPOINT WARNING * * *
You are too injured to fight recklessly!
Evoke which item? (* to show all) (? for menu, Esc to quit)
Okay, then.
You are confused.
You feel invigorated.
The orc warrior no longer looks unusually strong.
The orc knight hits you but does no damage.
The orc knight roars a battlecry!
The orcs go into a battle-frenzy!
The orc warrior shoots a bolt.
The bolt hits you!
* * * LOW HITPOINT WARNING * * *
The orc warrior hits you from afar with a halberd!!
* * * LOW HITPOINT WARNING * * *
You feel better.
You feel less invigorated.
The orc warrior hits you from afar with a halberd!
* * * LOW HITPOINT WARNING * * *
The orc warrior shoots a bolt.
The bolt barely misses you.
The orc knight hits you from afar with a glaive!!
You die...

### #### ##∩##
#####
....##...##.....
≈≈≈..#...#..≈≈≈.
≈)≈≈.......≈≈)≈≈
.oo≈.)...o.≈o.)≈
≈o≈≈..o....≈≈.≈≈
#)(@# #.∩.#
##∩## ###


You could see 2 orc knights, 3 orc warriors and an orc.

Vanquished Creatures
  Erolcha (D:9)
  An orc knight (Bailey)
  An elephant (D:9)
  A two-headed ogre (D:9)
  A hippogriff (D:8)
  Eustachio (D:6)
  2 steam dragons (D:7)
  2 water moccasins
  6 orc warriors
  2 sky beasts
  2 black bears
  2 ice beasts
  4 ogres
  2 phantoms
  3 centaurs
  A big kobold (D:9)
  A crocodile (D:9)
  An elf zombie (Ossuary)
  4 bullfrogs
  3 killer bees (D:8)
  3 scorpions
  2 howler monkeys (D:8)
  3 centaur zombies (Ossuary)
  3 crimson imps
  3 hounds
  2 quasits
  A human zombie (Ossuary)
  7 orc priests
  2 bullfrog skeletons
  2 jellies
  2 iguanas
  10 orc wizards
  8 worker ants
  A big kobold zombie (Ossuary)
  2 hound zombies
  A hound skeleton (D:4)
  3 mummies (Ossuary)
  A worker ant zombie (D:8)
  Robin (D:3)
  3 gnolls (D:4)
  8 adders
  A shadow imp (D:6)
  An ooze (D:6)
  6 adder zombies
  4 worms
  3 leopard geckos (D:3)
  37 orcs
  8 bats
  6 giant cockroaches
  3 gnoll zombies (Ossuary)
  11 goblins
  6 hobgoblins
  6 kobolds
  2 quokkas
  3 frilled lizards
  A giant cockroach zombie (D:5)
  6 goblin zombies
  A hobgoblin zombie (Ossuary)
  5 jackal zombies (Ossuary)
  3 kobold zombies (Ossuary)
  A leopard gecko skeleton (D:7)
  A leopard gecko zombie (D:1)
  2 orc zombies (Ossuary)
  4 quokka zombies
  10 rats
  3 rat zombies (Ossuary)
  2 fungi (D:7)
245 creatures vanquished.

Vanquished Creatures (others)
  An orc wizard (D:7)
1 creature vanquished.

Grand Total: 246 creatures vanquished

Notes
Turn   | Place    | Note
-------+----------+-------------------------------------------
     0 | D:1      | dngmouse the Minotaur Fighter began the quest for the Orb.
     0 | D:1      | Reached XP level 1. HP: 19/19 MP: 0/0
   171 | D:1      | Reached XP level 2. HP: 27/27 MP: 1/1
  1227 | D:2      | Reached skill level 4 in Fighting
  1495 | D:3      | Noticed Sigmund
  1511 | D:3      | Noticed Robin
  1512 | D:3      | Reached XP level 3. HP: 19/33 MP: 2/2
  1796 | D:3      | Found a faded altar of an unknown god.
  1870 | D:3      | Reached XP level 4. HP: 21/40 MP: 3/3
  1873 | D:3      | Reached skill level 5 in Axes
  1877 | D:3      | Killed Robin
  2196 | D:3      | Noticed a moth of wrath
  2198 | D:3      | Found a bloodstained altar of Trog.
  2533 | D:4      | Reached XP level 5. HP: 35/46 MP: 4/4
  2639 | D:4      | Found a radiant altar of Vehumet.
  2784 | D:4      | Found a glowing silver altar of Zin.
  2800 | D:4      | Reached XP level 6. HP: 27/52 MP: 1/5
  3127 | D:4      | Found a shattered altar of Ashenzari.
  3130 | D:4      | Found a shimmering altar of Xom.
  3133 | D:4      | Found a burning altar of Makhleb.
  3137 | D:4      | Became a worshipper of Makhleb the Destroyer
  3771 | D:5      | Entered Level 5 of the Dungeon
  3824 | D:5      | Reached XP level 7. HP: 59/59 MP: 6/6
  3947 | D:5      | Reached skill level 10 in Axes
  3981 | D:5      | Found a staircase to the Ecumenical Temple.
  4401 | D:5      | Found a deep blue altar of Sif Muna.
  4493 | D:6      | Noticed Eustachio
  4502 | D:6      | Killed Eustachio
  4531 | D:6      | Reached XP level 8. HP: 51/66 MP: 5/7
  4866 | D:6      | Reached skill level 5 in Fighting
  5078 | D:6      | Reached skill level 6 in Fighting
  5332 | D:6      | Reached * piety under Makhleb
  5332 | D:6      | Reached skill level 7 in Fighting
  5480 | D:7      | Reached skill level 8 in Fighting
  5480 | D:7      | Reached XP level 9. HP: 53/81 MP: 5/8
  5800 | D:7      | Reached skill level 9 in Fighting
  6325 | D:8      | Reached skill level 10 in Fighting
  6387 | D:8      | Reached ** piety under Makhleb
  6558 | D:8      | Reached skill level 11 in Fighting
  6643 | D:8      | Found a sand-covered staircase.
  6650 | Ossuary  | Entered an ossuary
  7011 | D:8      | Reached *** piety under Makhleb
  7318 | D:8      | Reached skill level 12 in Fighting
  7510 | D:8      | Found an iron altar of Okawaru.
  7601 | D:9      | Found Giulikhleq's Antique Armour Shoppe.
  7614 | D:9      | Reached XP level 10. HP: 99/99 MP: 9/9
  7742 | D:9      | Noticed Erolcha
  7768 | D:9      | Killed Erolcha
  7768 | D:9      | Reached skill level 13 in Fighting
  7798 | D:9      | Found a staircase to the Lair.
  7835 | D:9      | Found a blossoming altar of Fedhas.
  7842 | D:9      | Noticed an elephant
  7856 | D:9      | Killed an elephant
  7882 | D:9      | Reached skill level 14 in Fighting
  8058 | D:9      | Found a flagged portal.
  8064 | D:9      | Noticed Maurice
  8067 | Bailey   | Entered a bailey
  8067 | Bailey   | Noticed an orc knight
  8076 | Bailey   | Noticed an orc knight
  8088 | Bailey   | Noticed an orc knight
  8089 | Bailey   | Killed an orc knight
  8089 | Bailey   | Reached skill level 15 in Fighting
  8096 | Bailey   | HP: 4/105 [orc warrior/halberd (21)]
  8098 | Bailey   | Demolished by an orc knight

Skill      XL: |  1  2  3  4  5  6  7  8  9 10 |
---------------+-------------------------------+-----
Axes           | 3 4 6 7 9 11 12 | 12.0
Fighting       | 4 8 12 15 | 15.1
Armour         | |  3.6
Shields        | |  3.6

Action                   |  1- 3 |  4- 6 |  7- 9 | 10-12 || total
-------------------------+-------+-------+-------+-------++-------
Melee: War axe           |    80 |   147 |   409 |    84 ||   720
       Headbutt          |    14 |    26 |    79 |    20 ||   139
Evoke: Wand              |       |       |       |    21 ||    21
  Use: Potion            |     3 |     2 |     4 |     3 ||    12
       Scroll            |       |       |    12 |       ||    12
  Eat: Chunk             |     3 |     6 |    13 |     2 ||    24
Armor: Scale mail        |    35 |    50 |   169 |    26 ||   280
       Chain mail        |       |       |       |     2 ||     2
Dodge: Dodged            |    30 |    37 |    97 |    13 ||   177
Block: Shield            |    41 |    76 |   165 |    29 ||   311
